 Dungeon Crawl Stone Soup version 0.27-a0-412-g8dd771eca2 (webtiles) character file.

Game seed: 12369030039524998544

1590 siradein the Summoner (level 8, -6/46 HPs)
             Began as a Merfolk Summoner on Feb 23, 2021.
             Was an Initiate of Hepliaklqana.
             Mangled by a killer bee (8 damage)
             ... on level 6 of the Dungeon on Feb 24, 2021.
             The game lasted 00:43:48 (10172 turns).

siradein the Summoner (Merfolk Summoner)           Turns: 10172, Time: 00:43:48

Health: -6/46      AC:  3    Str: 10    XL:     8   Next: 92%
Magic:  18/28      EV: 13    Int: 23    God:    Hepliaklqana [......]
Gold:   387        SH:  0    Dex: 16    Spells: 4/21 levels left

rFire    . . .     SeeInvis .   b - +0 whip (venom)
rCold    . . .     Faith    .   (no shield)
rNeg     . . .     Spirit   .   a - +0 robe
rPois    .         Reflect  .   (no helmet)
rElec    .         Harm     .   (no cloak)
rCorr    .         Rampage  .   i - +0 pair of gloves
Will     .....                  (no boots)
Stlth    ++........             (no amulet)
HPRegen  0.15/turn              c - ring of magical power
MPRegen  0.21/turn              r - +6 ring of intelligence

@: lethally poisoned (-6 -> -14)
A: change form in water, swift swim, stealthy swim, reduced essence, agile 1,
strong 1
a: Renounce Religion, Recall Ancestor, Ancestor Identity


You were on level 6 of the Dungeon.
You worshipped Hepliaklqana.
Hepliaklqana was noncommittal.
You visited 2 branches of the dungeon, and saw 7 of its levels.

You collected 387 gold pieces.

Inventory:

Hand Weapons
 b - a +0 whip of venom (weapon)
Armour
 a - a +0 robe (worn)
 i - a +0 pair of gloves (worn)
Jewellery
 c - a ring of magical power (left hand)
 r - a +6 ring of intelligence (right hand)
Wands
 q - a wand of flame (32)
 y - a wand of mindburst (17)
Scrolls
 e - 8 scrolls of identify {unknown}
 f - 2 scrolls of enchant armour {unknown}
 g - 2 scrolls of amnesia {unknown}
 h - a scroll of immolation {unknown}
 k - a scroll of enchant weapon {unknown}
 m - 2 scrolls of blinking {unknown}
 n - a scroll of teleportation {unknown}
 v - a scroll of fear {unknown}
Potions
 d - a potion of haste
 l - a potion of might
 o - 2 potions of resistance
 t - a potion of attraction
 x - a potion of flight {unknown}


   Skills:
 - Level 2.6 Dodging
 - Level 2.1 Stealth
 + Level 7.3 Spellcasting
 + Level 8.7 Summonings


You had 4 spell levels left.
You knew the following spells:

 Your Spells              Type           Power        Failure   Level
a - Summon Small Mammal   Summ           100%         1%          1
b - Call Imp              Summ           48%          1%          2
c - Call Canine Familiar  Summ           48%          1%          3
d - Summon Guardian Gole  Hex/Summ       28%          3%          3
e - Summon Ice Beast      Ice/Summ       28%          12%         4
f - Summon Lightning Spi  Summ/Air       28%          12%         4

Your spell library contained the following spells:

 Spells                   Type           Power        Failure   Level
 Magic Dart               Conj           32%          8%          1
 Blink                    Tloc           N/A          11%         2
 Searing Ray              Conj           16%          11%         2
 Slow                     Hex            8%           11%         2
 Conjure Flame            Conj/Fire      8%           22%         3
 Dazzling Flash           Conj/Hex       16%          22%         3
 Mephitic Cloud           Conj/Pois/Air  8%           22%         3
 Fulminant Prism          Conj/Hex       4%           58%         4
 Iskenderun's Mystic Bla  Conj/Tloc      8%           58%         4


Dungeon Overview and Level Annotations

Branches:
Dungeon (6/15)             Temple (1/1) D:6

Altars:
Ashenzari
Cheibriados
Dithmenos
Elyvilon
Fedhas
Gozag
Hepliaklqana
Kikubaaqudgha
Makhleb
Nemelex Xobeh
Okawaru
Ru
Uskayaw
Vehumet
Wu Jian
Xom
Zin
The Shining One

Annotations:
D:4 Sigmund
D:6 1 runed translucent door


Innate Abilities, Weirdness & Mutations

You revert to your normal form in water.
You are very nimble and swift while swimming.
You are very stealthy in the water. (Stealth+)
Your life essence is reduced to manifest your ancestor. (-10% HP)
You are agile. (Dex +2)
Your muscles are strong. (Str +2)


Message History

The killer bee poisons your wolf!
The killer bee closely misses your crimson imp.
Your wolf bites the killer bee.
The killer bee stings your wolf!
Your wolf dies!
Your wolf's corpse disappears in a puff of smoke!
The killer bee stings you.
* * * LOW HITPOINT WARNING * * *
Your crimson imp completely misses the killer bee.
Your shadow imp hits the killer bee.
* * * LOW HITPOINT WARNING * * *
You feel sick.
The killer bee stings your shadow imp but does no damage.
The killer bee completely misses your crimson imp.
The killer bee barely misses your shadow imp. x2
The killer bee stings your crimson imp. The killer bee stings your shadow imp.
Your shadow imp hits the killer bee but does no damage.
Your crimson imp barely misses the killer bee.
As you read the scroll labelled FIOMPI XASOLEWNU, it crumbles to dust.
The scroll dissolves into smoke.
It was a scroll of fog.
* * * LOW HITPOINT WARNING * * *
You feel sick. The killer bee stings your shadow imp.
Something stings your crimson imp. The killer bee stings your shadow imp!
Your shadow imp dies!
The killer bee barely misses your crimson imp.
Something stings your crimson imp.
Your crimson imp blinks!
Casting: Call Canine Familiar (safe; 1% risk of failure)
Confirm with . or Enter, or press ? or * to list all spells.
* * * LOW HITPOINT WARNING * * *
You feel sick. The killer bee closely misses you. The killer bee stings you.
* * * LOW HITPOINT WARNING * * *
It was a potion of cancellation.
You feel magically purged.
* * * LOW HITPOINT WARNING * * *
You feel sick. The killer bee stings your crimson imp.
The killer bee closely misses you.
The killer bee barely misses your crimson imp.
The killer bee completely misses you.
Your wolf closely misses the killer bee.
The killer bee stings you!
You die...

..)...#####.#...........##
.[[).### ###............#
.......####.............##
BB...............##..#..##
B..##.##.........##..#...#
#.##.....###.###.........#
#.###..###.#.#.###......##
......##...#.#§§§##..####
......#....'y§yy@§#..#
......#....#y#hyy§#..#
.[....#....#.#§5y§#..#
.#.#..#...#####.§.#..#
#####.##'##.!.##+##..#
.##....##.......##..)#
.#...#..##.....##....#
....###..##...##....##
##...###..#...#....##


You could see 5 killer bees, a friendly wolf (summoned) and a friendly crimson
imp (summoned).

Vanquished Creatures
  An orc warrior (D:6)
  2 ogres
  A scorpion (D:4)
  A killer bee (D:6)
  A jelly (D:5)
  An orc priest (D:6)
  An orc wizard (D:4)
  3 worker ants
  A howler monkey skeleton (D:6)
  An adder (D:5)
  A shadow imp (D:5)
  A worm (D:2)
  2 dart slugs
  A leopard gecko (D:2)
  7 orcs
  4 giant cockroaches
  6 goblins (D:3)
  5 hobgoblins
  3 jackals (D:2)
  A ball python (D:3)
  2 bats (D:1)
  A frilled lizard (D:3)
  5 kobolds
  4 rats
56 creatures vanquished.

Vanquished Creatures (collateral kills)
  Prince Ribbit (D:5)
  2 water moccasins
  Duvessa (D:5)
  A soldier ant (D:6)
  3 ogres
  A centaur (D:5)
  2 phantoms (D:5)
  A bullfrog (D:6)
  Dowan (D:5)
  A wyvern zombie (D:6)
  2 howler monkeys
  A centaur zombie (D:5)
  A bullfrog zombie (D:6)
  A hound (D:6)
  3 bullfrog skeletons
  An orc priest (D:6)
  2 orc wizards (D:6)
  7 worker ants
  A killer bee zombie (D:5)
  A hound skeleton (D:4)
  8 adders
  A shadow imp (D:5)
  2 white imps
  An adder skeleton (D:5)
  3 worms
  A dart slug (D:2)
  3 leopard geckos
  16 orcs
  3 giant cockroaches
  4 goblins
  2 hobgoblins (D:1)
  5 jackals
  3 ball pythons
  6 bats
  5 frilled lizards
  3 kobolds (D:1)
  2 rats (D:1)
102 creatures vanquished.

Vanquished Creatures (others)
  4 ancestors
  6 plants (D:6)
10 creatures vanquished.

Grand Total: 168 creatures vanquished

Notes
Turn   | Place    | Note
-------+----------+-------------------------------------------
     0 | D:1      | siradein the Merfolk Summoner began the quest for the Orb.
     0 | D:1      | Reached XP level 1. HP: 13/13 MP: 3/3
   646 | D:1      | Reached XP level 2. HP: 18/19 MP: 1/5
   982 | D:1      | Learned a level 2 spell: Call Imp
  1522 | D:2      | Reached XP level 3. HP: 24/24 MP: 6/6
  1668 | D:2      | Found a faded altar of an unknown god.
  2699 | D:3      | Learned a level 3 spell: Call Canine Familiar
  2710 | D:3      | Reached XP level 4. HP: 30/30 MP: 8/8
  3874 | D:3      | Learned a level 3 spell: Summon Guardian Golem
  3900 | D:4      | Reached skill level 5 in Summonings
  3900 | D:4      | Reached XP level 5. HP: 35/35 MP: 10/10
  4138 | D:4      | Noticed an ogre
  4158 | D:4      | Killed an ogre
  4251 | D:4      | Noticed Sigmund
  4568 | D:4      | Reached XP level 6. HP: 41/41 MP: 12/12
  4706 | D:4      | Reached skill level 6 in Summonings
  5195 | D:5      | Entered Level 5 of the Dungeon
  5351 | D:5      | Learned a level 4 spell: Summon Ice Beast
  5496 | D:5      | Reached XP level 7. HP: 35/46 MP: 14/14
  5500 | D:5      | Reached skill level 5 in Spellcasting
  5844 | D:5      | Noticed Dowan
  5899 | D:5      | Noticed Duvessa
  5900 | D:5      | Noticed Prince Ribbit
  6554 | D:5      | Reached skill level 7 in Summonings
  6985 | D:5      | Killed Duvessa
  7004 | D:5      | Killed Dowan
  7264 | D:5      | Learned a level 4 spell: Summon Lightning Spire
  7575 | D:6      | Reached XP level 8. HP: 36/52 MP: 16/16
  7955 | D:6      | Found a staircase to the Ecumenical Temple.
  7968 | Temple   | Entered the Ecumenical Temple
  8133 | Temple   | Became a worshipper of Hepliaklqana the Forgotten
  8188 | D:6      | Gained mutation: You are agile. (Dex +2) [potion of
                  | mutation]
  8188 | D:6      | Gained mutation: Your muscles are strong. (Str +2) [potion
                  | of mutation]
  8269 | D:6      | Found a runed translucent gate.
  8275 | D:6      | Found a runed translucent door.
  8692 | D:6      | Found the +9 staff of Olgreb {rPois∞}
  8706 | D:6      | Found a runed translucent gate.
  8706 | D:6      | Found a runed translucent gate.
  8707 | D:6      | Found a runed translucent door.
  9014 | D:5      | Reached skill level 8 in Summonings
  9085 | D:5      | Killed Prince Ribbit
 10172 | D:6      | HP: 2/46 [poisoned by a killer bee]
 10172 | D:6      | Mangled by a killer bee

Illustrated notes

Levels and vault maps discovered:
D:1:      psy_arrival_fountain, layout_rooms
D:2:      layout_basic, chequers_ecumenical_altar_simple_redux,
          roderic_lattice_a, minmay_hedge_maze, minmay_misc_feat_square
D:3:      layout_basic, columned_hall_lemuel
D:4:      layout_cave_pools, nicolae_overflow_hidden_temple,
          grunt_ministairs_15, chequers_serial_rivers_small_a, uniq_sigmund
D:5:      layout_basic, minmay_misc_feat_diagonals, uniq_prince_ribbit1,
          uniq_duvessa
D:6:      layout_cave_pools, minmay_temple_entry_gardened_gates,
          minmay_guarded_unrand_staff_of_olgreb
Temple:   hc_temple_tempest_star

Skill      XL: |  1  2  3  4  5  6  7  8 |
---------------+-------------------------+-----
Spellcasting   | 3 4 5 7 |  7.3
Summonings     | 5 6 7 8 |  8.7
Dodging        | |  2.6
Stealth        | |  2.1

Action                   |  1- 3 |  4- 6 |  7- 9 || total
-------------------------+-------+-------+-------++-------
Melee: Unarmed           |    23 |       |       ||    23
       Whip              |    82 |    83 |    86 ||   251
 Cast: Summon Small Mamm |    73 |     4 |       ||    77
       Call Imp          |       |    44 |    62 ||   106
       Call Canine Famil |       |     5 |    29 ||    34
Invok: Recall Ancestor   |       |       |     1 ||     1
       Ancestor Identity |       |       |     1 ||     1
  Use: Potion            |       |       |    10 ||    10
       Scroll            |       |       |     1 ||     1
 Stab: Sleeping          |     1 |       |       ||     1
       Distracted        |     1 |     2 |     1 ||     4
       Invisible         |       |       |     1 ||     1
Armor: Robe              |    40 |    19 |    13 ||    72
       Skin              |       |       |    17 ||    17
Dodge: Dodged            |   120 |    70 |    91 ||   281

Table legend: (Time is in decaauts)
 A = Elapsed time spent in this place.
 B = Non-inter-level travel time spent in this place.
 C = Inter-level travel time spent in this place.
 D = Time resting spent in this place.
 E = Time spent auto-exploring this place.
 F = Levels seen in this place.
 G = Mean time per level.
                   A        B        C        D        E       F      G
               +--------+--------+--------+--------+--------+-----+--------+
         Total |  10183 |  10098 |     85 |   1687 |   6557 |   7 | 1454.7 |
       Dungeon |   9834 |   9749 |     85 |   1506 |   6422 |   6 | 1639.0 |
        Temple |    349 |    349 |      0 |    181 |    135 |   1 |  349.0 |
               +--------+--------+--------+--------+--------+-----+--------+

Top non-repeatable levels by time:
     D:5: 2717 daAuts
     D:6: 1908 daAuts
     D:2: 1372 daAuts
     D:1: 1328 daAuts
     D:4: 1276 daAuts
     D:3: 1231 daAuts
  Temple: 349 daAuts
